 Dungeon Crawl Stone Soup version 0.24-a0-537-g2d01d4ab0a (webtiles) character file.

Game seed: 7089688580317318296

24 Mithandil the Skirmisher (level 2, -4/24 HPs)
             Began as a Demonspawn Abyssal Knight on Aug 15, 2019.
             Was a Follower of Lugonu.
             Killed from afar by an orc wizard (5 damage)
             ... with a magic dart
             ... on level 3 of the Dungeon.
             The game lasted 00:04:52 (1084 turns).

Mithandil the Skirmisher (DsAK)                     Turns: 1084, Time: 00:04:53

Health: -4/24      AC:  5    Str: 12    XL:     2   Next: 79%
Magic:  4/4        EV: 12    Int: 13    God:    Lugonu [*.....]
Gold:   43         SH:  0    Dex: 12    Spells: 1/1 levels left

rFire    . . .     SeeInvis .   a - +1 falchion
rCold    . . .     Gourm    .   (no shield)
rNeg     . . .     Faith    .   e - +1 robe {MR+}
rPois    .         Spirit   .   (no helmet)
rElec    .         Reflect  .   (no cloak)
rCorr    .         Harm     .   (no gloves)
MR       +....                  (no boots)
Stlth    +.........             (no amulet)
HPRegen  0.08/turn              (no ring)
MPRegen  0.09/turn              (no ring)

@: no status effects
A: yellow scales 1, mutation resistance 1
a: Depart the Abyss, Renounce Religion


You were on level 3 of the Dungeon.
You worshipped Lugonu.
Lugonu was aware of your devotion.
You were hungry.

You visited 1 branch of the dungeon, and saw 3 of its levels.
You visited the Abyss 1 time.

You collected 43 gold pieces.

Inventory:

Hand Weapons
 a - a +1 falchion (weapon)
 g - a +0 mace
 h - a +0 hand axe
Missiles
 f - 42 stones (quivered)
Armour
 e - a +1 robe of magic resistance (worn)
Scrolls
 i - a scroll of identify
Potions
 b - a potion of might
Comestibles
 c - 2 rations
 d - 8 chunks of flesh


   Skills:
 + Level 3.1 Fighting
 * Level 2.1 Long Blades
 + Level 1.9 Armour
 + Level 1.1 Dodging
 + Level 0.4 Stealth
 + Level 0.4 Unarmed Combat
 + Level 0.4 Spellcasting
 + Level 2.8 Invocations


You had one spell level left.
You didn't know any spells.
Your spell library was empty.

Dungeon Overview and Level Annotations

Branches:
Dungeon (3/15)

Altars:


Innate Abilities, Weirdness & Mutations

You are partially covered in yellow scales. (AC +2)
You are somewhat resistant to further mutation.


Message History

The orc hits you with a +0 club.
* * * LOW HITPOINT WARNING * * *
Something hits you but does no damage. The giant cockroach barely misses you.
You hit something. The orc closely misses you. The giant cockroach bites you.
* * * LOW HITPOINT WARNING * * *
Something hits you.
* * * LOW HITPOINT WARNING * * *
The orc wizard hits you but does no damage.
The orc closely misses you.
You closely miss something. The orc wizard closely misses you.
The giant cockroach barely misses you.
You riposte.
You hit the giant cockroach.
The giant cockroach is severely wounded.
You hear some strange, mumbled words.
A puff of flame appears from out of thin air!
The puff of flame hits you.
* * * LOW HITPOINT WARNING * * *
The orc wizard gestures at you while chanting.
The magic dart hits you.
You die...

#. . #. #. #.
#$. #.#####
#...#...!.#
#.#$..{.#.#####
#.....o@s......
#.....#o#.#####
..#.# #.# # #
#<# ###


You could see an orc wizard, an orc and a giant cockroach.

Vanquished Creatures
  An adder (D:2)
  A giant cockroach (D:1)
  3 goblins
  2 hobgoblins (D:1)
  3 jackals (D:2)
  2 kobolds
  2 rats
14 creatures vanquished.

Notes
Turn   | Place    | Note
-------+----------+-------------------------------------------
     0 | Abyss:1  | Mithandil the Demonspawn Abyssal Knight began the quest for
                  | the Orb.
     0 | Abyss:1  | Reached XP level 1. HP: 18/18 MP: 2/2
    69 | Abyss:2  | Noticed a raiju
    70 | D:1      | Escaped the Abyss
   465 | D:1      | Gained mutation: You are somewhat resistant to further
                  | mutation. [potion of mutation]
   575 | D:1      | Reached skill level 1 in Dodging
   891 | D:2      | Gained mutation: You are partially covered in yellow
                  | scales. (AC +2) [demonic ancestry]
   891 | D:2      | Reached XP level 2. HP: 20/24 MP: 4/4
  1047 | D:2      | Reached * piety under Lugonu
  1084 | D:3      | HP: 1/24 [something/puff of flame (4)]
  1084 | D:3      | Killed from afar by an orc wizard

Levels and vault maps discovered:
D:1:      dpeg_arrival_houses_and_road, layout_basic
D:2:      layout_loops_ring, gammafunk_temple_overflow_statue, first_ration
D:3:      layout_basic, minmay_pentangle

Skill      XL: |  1 |
---------------+----+-----
Dodging        | 1 |  1.1
Long Blades    | 2 |  2.1
Fighting       | |  3.1
Armour         | |  1.9
Stealth        | |  0.4
Unarmed Combat | |  0.4
Spellcasting   | |  0.4
Invocations    | |  2.8

Action                   || total
-------------------------++-------
Melee: Falchion          ||    40
Invok: Depart the Abyss  ||     1
  Use: Scroll            ||     2
       Potion            ||     2
Armor: Robe              ||    18
Dodge: Dodged            ||    40
       Rpst.: Falchion   ||    15

Table legend:
 A = Non-vault XP
 B = Vault XP
 C = Vault XP percentage of total XP
 D = Non-vault monster count
 E = Vault monster count
 F = Vault count percentage of total count
                 A         B        C        D         E       F
            +---------+---------+-------+---------+---------+-------
      Total |      35 |       0 |   0.0 |      14 |       0 |   0.0
            +---------+---------+-------+---------+---------+-------
        D:1 |      11 |       0 |   0.0 |       7 |       0 |   0.0
        D:2 |      24 |       0 |   0.0 |       7 |       0 |   0.0
            +---------+---------+-------+---------+---------+-------
